AoeStats
← RedPhosphoru

Arabian Desert

510388690Analyzed
1v1 RM · 11h ago on Sep 30, 2026· 26m 54s· 2 players
Game mode
Random Map
Map size
Tiny (2 player)
Population
200
Speed
Normal
Resources
Standard
Victory
Conquest
Starting age
Dark Age
Ending age
Imperial Age
RankedLock teamsTeams togetherTeam positionsShared explorationLock speedFull tech treeHidden civsTurbo modeCheats
Victory
Defeat
🇪🇸 Cumans · Spain
2320
+19
🇺🇸 Celts · United States
2377
-19
[R1] Pume
4:16 Loom
9:50 Feudal Age
10:21 Double-Bit Axe
14:23 Fletching
15:34 Horse Collar
17:53 Wheelbarrow
21:09 Castle Age
21:28 Gold Mining
21:15 Crossbowman
21:50 Bodkin Arrow
23:56 Bow Saw
26:09 Light Cavalry
RedPhosphoru
6:53 Loom
13:21 Loom
18:00 Feudal Age
21:53 Castle Age
20:28 Double-Bit Axe
21:31 Gold Mining
Connection lost

Rejoining the realm…

Still unreachable

The connection could not be restored.

Session expired

The server has moved on; the page needs a fresh start.